[ AOE2 MATCH · #476550571 ]
UnrankedChinese vs Tatars
[ REPLAY ANALYSIS · EXTRACTED FROM THE RECORDED GAME ]
Feudal
11:12
Castle
19:09
Imperial
36:18
| APM avg | 52.1 |
| APM peak | 93 |
| eAPM avg | 29.7 |
| Villagers / military | 182 / 117 |
Focus
⚔️ 28.4% · 🌾 71.6%
Trade Cart ×73 · Scorpion ×52 · Iron Pagoda ×34 · Chu Ko Nu ×22 · Petard ×7 · Trebuchet (Packed) ×2
Feudal
23:12
Castle
27:03
Imperial
47:42
| APM avg | 61.3 |
| APM peak | 125 |
| eAPM avg | 37.6 |
| Villagers / military | 161 / 293 |
Focus
⚔️ 39.8% · 🌾 60.2%
Skirmisher ×262 · Cavalry Archer ×29 · Fishing Ship ×10 · Trade Cart ×5 · Archer ×2
Feudal
10:37
Castle
19:57
Imperial
31:28
| APM avg | 57.4 |
| APM peak | 104 |
| eAPM avg | 36.1 |
| Villagers / military | 139 / 397 |
Focus
⚔️ 33.3% · 🌾 66.7%
Spearman ×222 · Samurai ×149 · Fishing Ship ×43 · Trebuchet (Packed) ×9 · Petard ×7 · Mangonel ×6
Feudal
11:40
Castle
16:26
Imperial
33:26
| APM avg | 44.4 |
| APM peak | 102 |
| eAPM avg | 30.3 |
| Villagers / military | 156 / 573 |
Focus
⚔️ 48.3% · 🌾 51.7%
Spearman ×552 · Unknown (2550) ×107 · Trade Cart ×22 · Trebuchet (Packed) ×10 · Mangonel ×7 · Kamayuk ×4
Feudal
11:03
Castle
13:52
Imperial
30:31
| APM avg | 82.3 |
| APM peak | 150 |
| eAPM avg | 43.4 |
| Villagers / military | 105 / 409 |
Focus
⚔️ 54.7% · 🌾 45.3%
Battle Elephant ×333 · Trade Cart ×64 · Karambit Warrior ×47 · Fishing Ship ×44 · Bombard Cannon ×12 · Battering Ram ×5
Feudal
11:28
Castle
15:42
Imperial
30:55
| APM avg | 45.3 |
| APM peak | 84 |
| eAPM avg | 25.6 |
| Villagers / military | 198 / 254 |
Focus
⚔️ 39.3% · 🌾 60.7%
Skirmisher ×112 · Cavalry Archer ×66 · Scout Cavalry ×37 · Trade Cart ×23 · Bombard Cannon ×18 · Obuch ×7
Feudal
10:56
Castle
14:36
Imperial
32:17
| APM avg | 74.7 |
| APM peak | 120 |
| eAPM avg | 42.1 |
| Villagers / military | 169 / 268 |
Focus
⚔️ 47.0% · 🌾 53.0%
Fire Lancer ×235 · Trade Cart ×36 · Iron Pagoda ×15 · Trebuchet (Packed) ×9 · Bombard Cannon ×8 · Battering Ram ×1
Feudal
26:06
Castle
29:45
Imperial
33:53
| APM avg | 30.7 |
| APM peak | 86 |
| eAPM avg | 22.2 |
| Villagers / military | 130 / 254 |
Focus
⚔️ 32.7% · 🌾 67.3%
Skirmisher ×189 · Monk ×61 · Trade Cart ×23 · Trebuchet (Packed) ×4 · Unknown (1570) ×2
Match map
Initial resources + every placement click. Lines = walls · curves = elevation contours. ◆ gold · ⬟ stone · ● berries · ✦ relic · ◌ wall gap
Your base· ✓ Closed at 19:09 · 81t walls · no gate
lion_'s base· ✓ Closed at 27:03 · 73t walls · no gate
Baby's base· ✓ Closed at 19:57 · 16t walls · no gate
Grinchy's base· ✓ Closed at 16:26 · 45t walls · no gate
Jinada's base· ✓ Closed at 13:52 · 3t walls · no gate
Yakul's base· ✓ Closed at 15:42 · 16t walls · no gate
danger_noodle42's base· ✓ Closed at 14:36 · 9t walls · no gate
NOC | Target331's base· ✓ Closed at 29:45 · 36t walls · no gate
Smoothed initial terrain · ◌ = detected wall gap · hover for details
Inputs per minute
— aleksanderG - - lion_
Build order — aleksanderG
First 150 of 558 actions detected
| 0:01 | Research | Loom |
| 0:38 | Queue | Villager (Male) |
| 0:38 | Queue | Villager (Male) |
| 1:03 | Queue | Villager (Male) |
| 1:25 | Queue | Villager (Male) |
| 1:58 | Queue | Villager (Male) |
| 2:22 | Queue | Villager (Male) |
| 2:39 | Build | House |
| 2:41 | Build | Palisade Wall |
| 2:54 | Build | Palisade Wall |
| 2:55 | Build | Palisade Wall |
| 2:59 | Build | Palisade Wall |
| 3:04 | Queue | Villager (Male) |
| 3:31 | Queue | Villager (Male) |
| 3:31 | Queue | Villager (Male) |
| 4:00 | Queue | Villager (Male) |
| 4:29 | Queue | Villager (Male) |
| 5:07 | Build | Palisade Wall |
| 5:15 | Queue | Villager (Male) |
| 5:15 | Queue | Villager (Male) |
| 5:35 | Build | Palisade Wall |
| 5:42 | Queue | Villager (Male) |
| 5:51 | Build | House |
| 6:04 | Queue | Villager (Male) |
| 6:09 | Build | Palisade Wall |
| 6:13 | Build | Palisade Wall |
| 6:16 | Queue | Villager (Male) |
| 6:33 | Build | Lumber Camp |
| 6:54 | Queue | Villager (Male) |
| 6:55 | Queue | Villager (Male) |
| 7:34 | Build | Mill |
| 7:36 | Queue | Villager (Male) |
| 8:11 | Queue | Villager (Male) |
| 8:25 | Build | House |
| 8:36 | Queue | Villager (Male) |
| 9:01 | Research | Feudal Age |
| 9:28 | Build | Mining Camp |
| 9:45 | Build | Palisade Wall |
| 10:14 | Build | Outpost |
| 10:17 | Build | Outpost |
| 10:26 | Queue | Villager (Male) |
| 10:26 | Queue | Villager (Male) |
| 11:12 | Age | Feudal Age |
| 11:15 | Build | Watch Tower |
| 11:21 | Build | Farm |
| 11:22 | Build | Farm |
| 11:23 | Build | Farm |
| 11:25 | Build | Farm |
| 11:29 | Queue | Villager (Male) |
| 11:38 | Build | Stone Wall |
| 11:39 | Build | Stone Wall |
| 11:41 | Build | Stone Wall |
| 11:43 | Build | Stone Wall |
| 11:47 | Build | Farm |
| 11:59 | Build | Farm |
| 12:18 | Queue | Villager (Male) |
| 12:33 | Build | Farm |
| 12:34 | Build | Farm |
| 12:35 | Build | House |
| 12:54 | Queue | Villager (Male) |
| 12:54 | Queue | Villager (Male) |
| 13:11 | Build | Farm |
| 13:13 | Queue | Villager (Male) |
| 13:32 | Queue | Villager (Male) |
| 13:43 | Build | Mining Camp |
| 13:50 | Research | Horse Collar |
| 13:51 | Research | Double-Bit Axe |
| 14:08 | Build | House |
| 14:22 | Build | Farm |
| 14:26 | Queue | Villager (Male) |
| 14:55 | Build | Stone Wall |
| 14:56 | Queue | Villager (Male) |
| 15:00 | Build | Market |
| 15:25 | Queue | Villager (Male) |
| 15:26 | Queue | Villager (Male) |
| 15:28 | Build | Blacksmith |
| 15:50 | Build | Farm |
| 15:55 | Build | Stone Wall |
| 16:11 | Build | Stone Wall |
| 16:18 | Build | Farm |
| 16:26 | Build | Stone Wall |
| 16:29 | Research | Castle Age |
| 16:42 | Build | Stone Wall |
| 16:57 | Build | House |
| 17:12 | Build | Stone Wall |
| 17:27 | Build | Stone Wall |
| 17:29 | Build | Stone Wall |
| 17:39 | Queue | Villager (Male) |
| 17:57 | Build | Stone Wall |
| 17:58 | Build | Stone Wall |
| 18:01 | Queue | Villager (Male) |
| 18:17 | Build | Stone Wall |
| 18:21 | Build | Stone Wall |
| 18:23 | Build | Stone Wall |
| 18:40 | Queue | Villager (Male) |
| 18:54 | Queue | Villager (Male) |
| 19:09 | Age | Castle Age |
| 19:18 | Build | Stone Wall |
| 19:20 | Queue | Villager (Male) |
| 19:38 | Queue | Villager (Male) |
| 20:15 | Build | House |
| 20:22 | Build | House |
| 20:38 | Build | House |
| 20:39 | Build | House |
| 20:45 | Build | House |
| 21:06 | Build | Castle |
| 21:21 | Queue | Villager (Male) |
| 21:25 | Research | Bow Saw |
| 21:45 | Research | Fletching |
| 22:04 | Research | Gold Mining |
| 22:08 | Queue | Villager (Male) |
| 22:08 | Queue | Villager (Male) |
| 22:36 | Queue | Chu Ko Nu |
| 22:36 | Queue | Chu Ko Nu |
| 22:37 | Queue | Chu Ko Nu |
| 22:40 | Queue | Villager (Male) |
| 22:46 | Queue | Villager (Male) |
| 22:51 | Queue | Chu Ko Nu |
| 22:53 | Queue | Villager (Male) |
| 22:55 | Queue | Chu Ko Nu |
| 22:59 | Queue | Villager (Male) |
| 23:04 | Queue | Chu Ko Nu |
| 23:06 | Queue | Chu Ko Nu |
| 23:12 | Queue | Villager (Male) |
| 23:22 | Queue | Chu Ko Nu |
| 23:33 | Queue | Chu Ko Nu |
| 23:41 | Queue | Villager (Male) |
| 23:48 | Queue | Chu Ko Nu |
| 24:14 | Research | Bodkin Arrow |
| 24:17 | Queue | Petard |
| 24:22 | Build | Farm |
| 24:26 | Build | Farm |
| 24:47 | Build | Lumber Camp |
| 24:49 | Queue | Villager (Male) |
| 25:00 | Build | Farm |
| 25:00 | Build | Farm |
| 25:04 | Queue | Petard |
| 25:09 | Queue | Villager (Male) |
| 25:12 | Queue | Villager (Male) |
| 25:38 | Queue | Villager (Male) |
| 25:52 | Queue | Villager (Male) |
| 25:54 | Build | Farm |
| 26:08 | Queue | Villager (Male) |
| 26:14 | Build | Farm |
| 26:15 | Build | Farm |
| 26:15 | Build | Farm |
| 26:21 | Queue | Chu Ko Nu |
| 26:21 | Queue | Chu Ko Nu |
| 26:21 | Queue | Chu Ko Nu |
| 26:37 | Queue | Chu Ko Nu |
Build order — lion_
First 150 of 729 actions detected
| 0:02 | Queue | Villager (Male) |
| 0:03 | Build | House |
| 0:04 | Build | House |
| 0:23 | Research | Loom |
| 0:23 | Queue | Villager (Male) |
| 0:23 | Queue | Villager (Male) |
| 0:24 | Queue | Villager (Male) |
| 1:34 | Build | Palisade Wall |
| 2:00 | Queue | Villager (Male) |
| 2:37 | Queue | Villager (Male) |
| 2:37 | Queue | Villager (Male) |
| 2:41 | Build | Palisade Wall |
| 2:54 | Build | Palisade Wall |
| 3:05 | Build | Palisade Wall |
| 3:06 | Build | Palisade Wall |
| 3:18 | Queue | Villager (Male) |
| 3:19 | Queue | Villager (Male) |
| 3:46 | Queue | Villager (Male) |
| 4:13 | Queue | Villager (Male) |
| 4:13 | Queue | Villager (Male) |
| 4:17 | Queue | Villager (Male) |
| 4:17 | Queue | Villager (Male) |
| 4:41 | Queue | Villager (Male) |
| 5:25 | Queue | Villager (Male) |
| 5:36 | Build | House |
| 5:37 | Queue | Villager (Male) |
| 5:42 | Build | Palisade Gate |
| 5:58 | Queue | Villager (Male) |
| 6:37 | Queue | Villager (Male) |
| 7:40 | Build | Palisade Wall |
| 7:56 | Queue | Villager (Male) |
| 7:57 | Queue | Villager (Male) |
| 7:57 | Queue | Villager (Male) |
| 7:57 | Queue | Villager (Male) |
| 8:04 | Build | Palisade Gate |
| 8:21 | Queue | Villager (Male) |
| 8:48 | Queue | Villager (Male) |
| 8:48 | Queue | Villager (Male) |
| 8:49 | Queue | Villager (Male) |
| 8:56 | Build | Palisade Wall |
| 8:58 | Build | Palisade Wall |
| 9:00 | Build | Palisade Wall |
| 9:02 | Build | Palisade Wall |
| 9:17 | Queue | Villager (Male) |
| 9:39 | Build | House |
| 10:47 | Build | Palisade Gate |
| 10:56 | Queue | Villager (Male) |
| 10:57 | Queue | Villager (Male) |
| 10:57 | Queue | Villager (Male) |
| 10:57 | Queue | Villager (Male) |
| 10:57 | Queue | Villager (Male) |
| 10:57 | Queue | Villager (Male) |
| 10:58 | Queue | Villager (Male) |
| 11:21 | Build | Palisade Wall |
| 12:00 | Build | Palisade Wall |
| 12:16 | Build | House |
| 13:03 | Queue | Villager (Male) |
| 13:03 | Queue | Villager (Male) |
| 13:04 | Build | House |
| 13:05 | Queue | Villager (Male) |
| 13:22 | Queue | Villager (Male) |
| 13:26 | Queue | Villager (Male) |
| 13:36 | Build | Palisade Wall |
| 14:06 | Build | Palisade Wall |
| 14:11 | Queue | Villager (Male) |
| 14:12 | Queue | Villager (Male) |
| 14:19 | Queue | Villager (Male) |
| 14:19 | Queue | Villager (Male) |
| 14:30 | Build | Palisade Wall |
| 14:41 | Build | Palisade Wall |
| 14:45 | Build | Palisade Wall |
| 15:22 | Build | Palisade Wall |
| 15:23 | Build | Palisade Wall |
| 15:24 | Build | Palisade Wall |
| 15:28 | Build | Palisade Wall |
| 15:41 | Build | Palisade Wall |
| 15:44 | Build | Palisade Wall |
| 15:46 | Build | Palisade Wall |
| 15:48 | Build | Palisade Wall |
| 16:06 | Build | Palisade Wall |
| 16:07 | Build | Palisade Wall |
| 16:09 | Build | Palisade Wall |
| 16:25 | Build | Palisade Wall |
| 16:31 | Build | Lumber Camp |
| 16:53 | Build | Mill |
| 16:56 | Build | Dock |
| 17:09 | Build | Palisade Wall |
| 17:15 | Build | Palisade Wall |
| 17:17 | Build | Palisade Wall |
| 18:02 | Queue | Villager (Male) |
| 18:06 | Queue | Fishing Ship |
| 18:06 | Queue | Fishing Ship |
| 18:08 | Build | House |
| 18:57 | Queue | Villager (Male) |
| 19:00 | Queue | Fishing Ship |
| 19:03 | Build | House |
| 19:05 | Queue | Villager (Male) |
| 19:40 | Queue | Villager (Male) |
| 20:03 | Queue | Villager (Male) |
| 20:08 | Queue | Fishing Ship |
| 20:09 | Queue | Villager (Male) |
| 20:38 | Queue | Fishing Ship |
| 20:38 | Queue | Villager (Male) |
| 21:00 | Research | Feudal Age |
| 21:04 | Build | Mining Camp |
| 21:34 | Queue | Fishing Ship |
| 21:50 | Build | Barracks |
| 22:16 | Queue | Villager (Male) |
| 23:12 | Age | Feudal Age |
| 23:16 | Build | Archery Range |
| 23:36 | Build | Blacksmith |
| 23:43 | Build | Stone Wall |
| 23:47 | Build | Stone Wall |
| 23:57 | Build | Stone Wall |
| 24:15 | Build | Stone Wall |
| 24:17 | Build | Stone Wall |
| 24:23 | Research | Castle Age |
| 24:31 | Build | Stone Wall |
| 24:33 | Build | Stone Wall |
| 24:38 | Build | Stone Wall |
| 24:51 | Build | Stone Wall |
| 25:08 | Build | Stone Wall |
| 25:24 | Build | Mining Camp |
| 25:26 | Queue | Fishing Ship |
| 25:26 | Research | Tech 906 |
| 25:42 | Build | Stone Wall |
| 25:45 | Build | Stone Wall |
| 25:55 | Queue | Archer |
| 26:12 | Build | Stone Wall |
| 26:14 | Build | Stone Wall |
| 26:19 | Build | Stone Wall |
| 26:26 | Queue | Fishing Ship |
| 26:30 | Build | Stone Wall |
| 26:41 | Build | Stone Wall |
| 26:54 | Build | Archery Range |
| 26:57 | Research | Fletching |
| 27:03 | Age | Castle Age |
| 27:13 | Queue | Villager (Male) |
| 27:15 | Queue | Cavalry Archer |
| 27:30 | Queue | Villager (Male) |
| 27:33 | Queue | Villager (Male) |
| 27:33 | Queue | Villager (Male) |
| 27:33 | Queue | Villager (Male) |
| 27:34 | Queue | Villager (Male) |
| 27:34 | Queue | Villager (Male) |
| 27:34 | Queue | Villager (Male) |
| 27:34 | Queue | Villager (Male) |
| 27:34 | Queue | Villager (Male) |
| 27:35 | Queue | Villager (Male) |
| 27:42 | Research | Double-Bit Axe |
Build order — Baby
First 150 of 522 actions detected
| 0:01 | Queue | Villager (Male) ×4 |
| 0:01 | Queue | Villager (Male) ×4 |
| 0:02 | Build | House |
| 0:03 | Build | House |
| 1:32 | Queue | Villager (Male) |
| 1:33 | Queue | Villager (Male) |
| 1:52 | Queue | Villager (Male) |
| 1:53 | Queue | Villager (Male) |
| 2:00 | Build | Lumber Camp |
| 2:25 | Queue | Villager (Male) |
| 2:26 | Queue | Villager (Male) |
| 2:52 | Queue | Villager (Male) |
| 2:52 | Queue | Villager (Male) |
| 3:00 | Queue | Villager (Male) |
| 3:00 | Queue | Villager (Male) |
| 3:31 | Queue | Villager (Male) |
| 3:51 | Build | Dock |
| 4:01 | Queue | Villager (Male) |
| 4:02 | Queue | Villager (Male) |
| 4:15 | Build | House |
| 4:30 | Queue | Villager (Male) |
| 4:42 | Queue | Villager (Male) |
| 4:43 | Queue | Villager (Male) |
| 4:56 | Queue | Fishing Ship |
| 4:56 | Queue | Fishing Ship |
| 5:02 | Build | House |
| 5:11 | Queue | Villager (Male) |
| 5:11 | Queue | Villager (Male) |
| 5:38 | Queue | Fishing Ship |
| 5:39 | Queue | Fishing Ship |
| 5:44 | Queue | Villager (Male) |
| 5:45 | Queue | Villager (Male) |
| 5:45 | Queue | Villager (Male) |
| 5:45 | Queue | Villager (Male) |
| 5:51 | Build | Palisade Wall |
| 5:53 | Build | Palisade Wall |
| 5:56 | Build | Palisade Wall |
| 5:56 | Build | Palisade Wall |
| 6:00 | Queue | Villager (Male) |
| 6:00 | Queue | Villager (Male) |
| 6:13 | Build | Palisade Wall |
| 6:15 | Build | Palisade Wall |
| 6:17 | Build | Palisade Wall |
| 6:21 | Build | Palisade Wall |
| 6:24 | Build | Palisade Wall |
| 6:28 | Build | Palisade Wall |
| 6:31 | Build | Palisade Wall |
| 6:37 | Build | Palisade Wall |
| 6:42 | Build | Palisade Wall |
| 6:45 | Build | House |
| 6:50 | Build | Palisade Wall |
| 7:04 | Queue | Villager (Male) |
| 7:04 | Queue | Villager (Male) |
| 7:04 | Queue | Villager (Male) |
| 7:09 | Queue | Fishing Ship |
| 7:09 | Queue | Fishing Ship |
| 7:25 | Queue | Fishing Ship |
| 7:34 | Queue | Villager (Male) |
| 7:52 | Queue | Fishing Ship |
| 7:52 | Queue | Fishing Ship |
| 8:13 | Queue | Fishing Ship |
| 8:14 | Queue | Villager (Male) |
| 8:27 | Research | Feudal Age |
| 8:27 | Research | Feudal Age |
| 8:46 | Build | Lumber Camp |
| 9:13 | Build | Dock |
| 9:37 | Build | House |
| 9:38 | Build | House |
| 9:43 | Queue | Fishing Ship |
| 9:43 | Queue | Fishing Ship |
| 9:53 | Build | House |
| 10:01 | Queue | Fishing Ship |
| 10:02 | Queue | Fishing Ship |
| 10:19 | Queue | Fishing Ship |
| 10:19 | Queue | Fishing Ship |
| 10:23 | Queue | Villager (Male) |
| 10:23 | Queue | Villager (Male) |
| 10:28 | Build | House |
| 10:33 | Build | House |
| 10:37 | Age | Feudal Age |
| 10:41 | Research | Double-Bit Axe |
| 10:42 | Research | Double-Bit Axe |
| 10:53 | Build | Fish Trap |
| 11:01 | Queue | Villager (Male) |
| 11:07 | Build | Fish Trap |
| 11:20 | Build | Fish Trap |
| 11:21 | Queue | Villager (Male) |
| 11:38 | Build | Fish Trap |
| 11:39 | Queue | Villager (Male) |
| 11:47 | Build | Lumber Camp |
| 11:56 | Queue | Fishing Ship |
| 11:56 | Queue | Fishing Ship |
| 12:05 | Build | Fish Trap |
| 12:13 | Build | Fish Trap |
| 12:18 | Queue | Villager (Male) |
| 12:30 | Queue | Fishing Ship ×2 |
| 12:52 | Queue | Villager (Male) |
| 13:02 | Queue | Fishing Ship ×3 |
| 13:09 | Build | Fish Trap |
| 13:15 | Research | Tech 906 |
| 13:15 | Research | Tech 906 |
| 13:24 | Build | Fish Trap |
| 13:29 | Queue | Villager (Male) |
| 13:37 | Build | Mining Camp |
| 13:38 | Queue | Villager (Male) |
| 13:41 | Queue | Fishing Ship |
| 13:41 | Queue | Fishing Ship |
| 13:49 | Build | Fish Trap |
| 13:56 | Build | Fish Trap |
| 14:08 | Build | Fish Trap |
| 14:11 | Queue | Villager (Male) |
| 14:15 | Queue | Villager (Male) |
| 14:18 | Build | House |
| 14:21 | Build | Fish Trap |
| 14:22 | Queue | Fishing Ship |
| 14:26 | Queue | Villager (Male) |
| 14:40 | Build | Fish Trap |
| 14:42 | Queue | Villager (Male) |
| 14:50 | Build | Mill |
| 14:52 | Queue | Fishing Ship |
| 14:53 | Queue | Fishing Ship |
| 15:05 | Build | Fish Trap |
| 15:07 | Queue | Villager (Male) |
| 15:19 | Queue | Villager (Male) |
| 15:27 | Build | Blacksmith |
| 15:30 | Queue | Villager (Male) |
| 15:31 | Queue | Fishing Ship |
| 15:32 | Queue | Fishing Ship |
| 15:40 | Queue | Fishing Ship |
| 15:44 | Build | House |
| 15:47 | Queue | Fishing Ship |
| 15:47 | Queue | Fishing Ship |
| 15:54 | Build | Fish Trap |
| 16:13 | Build | Market |
| 16:18 | Queue | Villager (Male) |
| 16:26 | Build | Fish Trap |
| 16:30 | Build | Fish Trap |
| 16:34 | Queue | Fishing Ship |
| 16:34 | Queue | Fishing Ship |
| 16:47 | Queue | Fishing Ship |
| 16:47 | Queue | Fishing Ship |
| 17:06 | Build | Barracks |
| 17:14 | Research | Castle Age |
| 17:19 | Build | Fish Trap |
| 17:34 | Research | Loom |
| 17:39 | Build | Mining Camp |
| 18:01 | Queue | Spearman |
| 18:01 | Queue | Spearman |
| 18:03 | Build | Barracks |
| 18:15 | Build | Fish Trap |
Build order — Grinchy
First 150 of 607 actions detected
| 0:01 | Queue | Villager (Male) |
| 0:01 | Queue | Villager (Male) |
| 0:01 | Queue | Villager (Male) |
| 0:02 | Build | House |
| 0:04 | Build | House |
| 0:07 | Queue | Villager (Male) |
| 0:18 | Research | Loom |
| 0:18 | Queue | Villager (Male) |
| 0:19 | Queue | Villager (Male) |
| 0:19 | Queue | Villager (Male) |
| 0:19 | Queue | Villager (Male) |
| 0:41 | Build | Palisade Wall |
| 0:52 | Build | Palisade Wall |
| 0:53 | Build | Palisade Wall |
| 0:55 | Build | Palisade Wall |
| 0:57 | Build | Palisade Wall |
| 1:02 | Build | Palisade Wall |
| 1:03 | Build | Palisade Wall |
| 1:16 | Build | Palisade Wall |
| 1:41 | Build | Palisade Wall |
| 1:51 | Queue | Villager (Male) |
| 2:01 | Build | Palisade Wall |
| 2:02 | Build | Palisade Wall |
| 2:32 | Build | Palisade Wall |
| 2:39 | Queue | Villager (Male) |
| 2:51 | Build | Palisade Wall |
| 3:18 | Queue | Villager (Male) |
| 3:39 | Queue | Villager (Male) |
| 4:04 | Build | Palisade Wall |
| 4:06 | Build | Palisade Wall |
| 4:07 | Build | Palisade Wall |
| 4:21 | Queue | Villager (Male) |
| 4:35 | Build | Palisade Wall |
| 4:40 | Queue | Villager (Male) |
| 5:03 | Queue | Villager (Male) |
| 5:03 | Queue | Villager (Male) |
| 5:34 | Queue | Villager (Male) |
| 6:05 | Queue | Villager (Male) |
| 6:27 | Build | Settlement |
| 6:34 | Queue | Villager (Male) |
| 6:34 | Queue | Villager (Male) |
| 6:42 | Build | Palisade Wall |
| 6:52 | Queue | Villager (Male) |
| 7:18 | Queue | Villager (Male) |
| 7:33 | Build | Palisade Wall |
| 7:50 | Queue | Villager (Male) |
| 7:50 | Queue | Villager (Male) |
| 7:50 | Queue | Villager (Male) |
| 8:54 | Queue | Villager (Male) |
| 9:08 | Build | Settlement |
| 9:21 | Research | Feudal Age |
| 11:04 | Build | House |
| 11:12 | Queue | Villager (Male) |
| 11:12 | Queue | Villager (Male) |
| 11:40 | Age | Feudal Age |
| 11:42 | Build | Stone Wall |
| 11:43 | Build | Stone Wall |
| 11:45 | Build | Stone Wall |
| 11:52 | Build | Stone Wall |
| 12:39 | Queue | Villager (Male) |
| 12:39 | Queue | Villager (Male) |
| 12:40 | Build | Market |
| 12:42 | Build | Blacksmith |
| 13:05 | Build | Outpost |
| 13:18 | Build | Outpost |
| 13:46 | Research | Castle Age |
| 13:56 | Build | Settlement |
| 14:15 | Research | Double-Bit Axe |
| 14:52 | Research | Horse Collar |
| 15:33 | Queue | Villager (Male) |
| 16:04 | Research | Town Watch |
| 16:06 | Queue | Villager (Male) |
| 16:26 | Age | Castle Age |
| 16:28 | Build | Town Center |
| 16:35 | Research | Bow Saw |
| 16:41 | Build | Outpost |
| 17:26 | Queue | Villager (Male) |
| 17:27 | Queue | Villager (Male) |
| 17:27 | Queue | Villager (Male) |
| 17:27 | Queue | Villager (Male) |
| 17:34 | Build | Farm |
| 17:34 | Build | Farm |
| 17:35 | Build | Farm |
| 17:35 | Build | Farm |
| 17:35 | Build | Farm |
| 17:35 | Build | Farm |
| 17:36 | Build | Farm |
| 18:00 | Build | Farm |
| 18:18 | Build | Farm |
| 18:23 | Queue | Villager (Male) |
| 18:25 | Build | Farm |
| 18:28 | Queue | Villager (Male) |
| 18:31 | Queue | Villager (Male) |
| 18:31 | Queue | Villager (Male) |
| 18:44 | Queue | Villager (Male) |
| 18:46 | Build | Farm |
| 18:47 | Build | Farm |
| 19:03 | Build | Farm |
| 19:12 | Queue | Villager (Male) |
| 19:13 | Build | Farm |
| 19:29 | Queue | Villager (Male) |
| 19:36 | Queue | Villager (Male) |
| 19:48 | Queue | Villager (Male) |
| 19:50 | Build | Farm |
| 20:16 | Queue | Villager (Male) |
| 20:32 | Queue | Villager (Male) |
| 20:33 | Queue | Villager (Male) |
| 20:41 | Build | Farm |
| 20:41 | Build | Farm |
| 20:44 | Queue | Villager (Male) |
| 20:50 | Build | Farm |
| 20:51 | Build | Farm |
| 20:58 | Queue | Villager (Male) |
| 21:14 | Queue | Villager (Male) |
| 21:16 | Build | Farm |
| 21:18 | Build | Farm |
| 21:19 | Queue | Villager (Male) |
| 21:40 | Queue | Villager (Male) |
| 21:40 | Queue | Villager (Male) |
| 22:00 | Build | Town Center |
| 22:04 | Queue | Villager (Male) |
| 22:09 | Build | Gate |
| 22:18 | Queue | Villager (Male) |
| 22:19 | Build | Stone Wall |
| 22:26 | Queue | Villager (Male) |
| 22:35 | Build | Barracks |
| 22:40 | Queue | Villager (Male) |
| 22:40 | Queue | Villager (Male) |
| 22:42 | Build | Farm |
| 22:43 | Build | Farm |
| 22:47 | Build | Farm |
| 23:11 | Queue | Villager (Male) |
| 23:15 | Build | Farm |
| 23:16 | Build | Farm |
| 23:30 | Research | Tech 1402 |
| 23:32 | Queue | Villager (Male) |
| 23:33 | Queue | Villager (Male) |
| 23:33 | Queue | Villager (Male) |
| 23:34 | Queue | Villager (Male) |
| 23:40 | Build | Barracks |
| 23:45 | Research | Squires |
| 23:52 | Build | Farm |
| 23:57 | Queue | Villager (Male) |
| 23:58 | Queue | Villager (Male) |
| 23:58 | Queue | Villager (Male) |
| 24:06 | Build | Settlement |
| 24:17 | Queue | Villager (Male) |
| 24:35 | Queue | Unit 2550 |
| 24:35 | Queue | Unit 2550 |
| 24:37 | Queue | Villager (Male) |
Build order — Jinada
First 150 of 717 actions detected
| 0:02 | Queue | Villager (Male) |
| 0:03 | Build | House |
| 0:03 | Queue | Villager (Male) |
| 0:04 | Build | House |
| 0:06 | Queue | Villager (Male) |
| 0:06 | Queue | Villager (Male) |
| 0:07 | Queue | Villager (Male) |
| 0:22 | Build | Lumber Camp |
| 1:34 | Queue | Villager (Male) |
| 2:04 | Queue | Villager (Male) |
| 2:04 | Queue | Villager (Male) |
| 2:31 | Queue | Villager (Male) |
| 2:31 | Queue | Villager (Male) |
| 3:03 | Queue | Villager (Male) |
| 3:13 | Queue | Villager (Male) |
| 3:14 | Queue | Villager (Male) |
| 3:46 | Build | House |
| 3:46 | Queue | Villager (Male) |
| 3:47 | Queue | Villager (Male) |
| 4:07 | Build | House |
| 4:20 | Queue | Villager (Male) |
| 4:33 | Queue | Villager (Male) |
| 4:34 | Queue | Villager (Male) |
| 5:08 | Queue | Villager (Male) |
| 5:08 | Queue | Villager (Male) |
| 5:23 | Build | Dock |
| 5:27 | Queue | Villager (Male) |
| 5:27 | Queue | Villager (Male) |
| 5:50 | Queue | Villager (Male) |
| 5:50 | Queue | Villager (Male) |
| 6:14 | Build | House |
| 6:20 | Queue | Villager (Male) |
| 6:21 | Queue | Villager (Male) |
| 6:25 | Build | House |
| 6:31 | Queue | Fishing Ship |
| 6:34 | Queue | Fishing Ship |
| 6:41 | Queue | Villager (Male) |
| 6:56 | Build | Palisade Wall |
| 7:10 | Build | House |
| 7:18 | Queue | Fishing Ship |
| 7:30 | Queue | Villager (Male) |
| 7:42 | Queue | Villager (Male) |
| 7:47 | Build | House |
| 7:57 | Build | House |
| 8:08 | Build | Mill |
| 8:14 | Queue | Villager (Male) |
| 8:15 | Queue | Villager (Male) |
| 8:19 | Queue | Villager (Male) |
| 8:24 | Queue | Villager (Male) |
| 8:52 | Queue | Fishing Ship |
| 9:11 | Build | Mining Camp |
| 9:16 | Build | Mining Camp |
| 9:40 | Research | Feudal Age |
| 9:41 | Research | Feudal Age |
| 9:50 | Build | Lumber Camp |
| 9:54 | Build | House |
| 10:45 | Queue | Villager (Male) |
| 10:45 | Queue | Villager (Male) |
| 11:03 | Age | Feudal Age |
| 11:06 | Build | Market |
| 11:32 | Build | Blacksmith |
| 11:34 | Queue | Villager (Male) |
| 12:13 | Research | Double-Bit Axe |
| 12:16 | Research | Castle Age |
| 12:58 | Build | Palisade Wall |
| 12:59 | Build | Palisade Wall |
| 13:06 | Build | Lumber Camp |
| 13:32 | Build | Dock |
| 13:52 | Age | Castle Age |
| 13:58 | Research | Bow Saw |
| 13:59 | Queue | Villager (Male) |
| 14:04 | Build | Palisade Wall |
| 14:06 | Build | Palisade Wall |
| 14:09 | Build | Palisade Wall |
| 14:14 | Build | Palisade Wall |
| 14:17 | Queue | Villager (Male) |
| 14:21 | Queue | Fishing Ship |
| 14:21 | Queue | Fishing Ship |
| 14:23 | Research | Tech 906 |
| 14:24 | Build | House |
| 14:37 | Build | Siege Workshop |
| 14:48 | Queue | Villager (Male) |
| 15:06 | Build | Fish Trap |
| 15:11 | Build | House |
| 15:13 | Build | Fish Trap |
| 15:14 | Build | Fish Trap |
| 15:17 | Queue | Villager (Male) |
| 15:22 | Build | Fish Trap |
| 15:23 | Queue | Mangonel |
| 15:28 | Build | House |
| 15:37 | Build | Fish Trap |
| 15:39 | Build | Fish Trap |
| 15:39 | Queue | Villager (Male) |
| 15:57 | Queue | Mangonel |
| 16:00 | Build | House |
| 16:04 | Build | House |
| 16:06 | Queue | Villager (Male) |
| 16:07 | Queue | Fishing Ship |
| 16:08 | Queue | Fishing Ship |
| 16:40 | Queue | Villager (Male) |
| 16:45 | Build | Town Center |
| 17:28 | Queue | Villager (Male) |
| 17:30 | Queue | Villager (Male) |
| 17:32 | Queue | Fishing Ship |
| 17:32 | Queue | Fishing Ship |
| 17:36 | Build | Monastery |
| 17:49 | Queue | Mangonel |
| 17:54 | Build | House |
| 17:56 | Build | Fish Trap |
| 17:57 | Build | Fish Trap |
| 17:58 | Queue | Fishing Ship |
| 18:00 | Build | Dock |
| 18:11 | Research | Wheelbarrow |
| 18:13 | Research | Loom |
| 18:32 | Queue | Villager (Male) |
| 18:38 | Build | Gate |
| 18:41 | Build | Stone Wall |
| 18:48 | Queue | Villager (Male) |
| 18:50 | Queue | Monk |
| 18:58 | Build | House |
| 18:59 | Queue | Fishing Ship |
| 19:00 | Build | Fish Trap |
| 19:02 | Build | Fish Trap |
| 19:17 | Build | House |
| 19:22 | Queue | Villager (Male) |
| 19:41 | Queue | Villager (Male) |
| 19:42 | Queue | Villager (Male) |
| 20:10 | Queue | Villager (Male) |
| 20:14 | Queue | Fishing Ship |
| 20:14 | Queue | Fishing Ship |
| 20:16 | Build | House |
| 20:20 | Queue | Fishing Ship |
| 20:20 | Queue | Fishing Ship |
| 20:27 | Build | Dock |
| 20:37 | Queue | Villager (Male) |
| 20:41 | Queue | Mangonel |
| 20:49 | Research | Gold Mining |
| 21:16 | Queue | Villager (Male) |
| 21:21 | Build | Gate |
| 21:23 | Build | Gate |
| 22:06 | Queue | Villager (Male) |
| 22:09 | Queue | Fishing Ship |
| 22:09 | Queue | Fishing Ship |
| 22:10 | Queue | Fishing Ship |
| 22:10 | Queue | Fishing Ship |
| 22:11 | Build | House |
| 22:12 | Build | House |
| 22:14 | Queue | Villager (Male) |
| 22:14 | Queue | Villager (Male) |
| 22:28 | Queue | Villager (Male) |
Build order — Yakul
First 150 of 641 actions detected
| 0:01 | Queue | Villager (Male) ×4 |
| 0:03 | Build | House |
| 0:05 | Build | House |
| 1:31 | Queue | Villager (Male) |
| 1:51 | Build | Lumber Camp |
| 2:00 | Queue | Villager (Male) |
| 2:30 | Queue | Villager (Male) |
| 2:37 | Queue | Villager (Male) |
| 3:13 | Queue | Villager (Male) |
| 3:39 | Queue | Villager (Male) |
| 4:03 | Build | House |
| 4:10 | Queue | Villager (Male) |
| 4:24 | Queue | Villager (Male) |
| 4:28 | Build | Mill |
| 5:00 | Queue | Villager (Male) |
| 5:05 | Queue | Villager (Male) |
| 5:13 | Research | Loom |
| 5:16 | Build | Palisade Wall |
| 5:20 | Build | Palisade Wall |
| 5:21 | Build | Palisade Wall |
| 5:25 | Build | Palisade Wall |
| 5:25 | Build | Palisade Wall |
| 5:30 | Queue | Villager (Male) |
| 5:46 | Queue | Villager (Male) |
| 6:14 | Queue | Villager (Male) |
| 6:37 | Queue | Villager (Male) |
| 6:59 | Queue | Villager (Male) |
| 7:13 | Build | Palisade Wall |
| 7:19 | Build | House |
| 7:31 | Queue | Villager (Male) |
| 7:56 | Build | Palisade Wall |
| 8:28 | Queue | Villager (Male) |
| 8:30 | Build | Mining Camp |
| 8:50 | Queue | Villager (Male) |
| 9:18 | Research | Feudal Age |
| 9:58 | Build | Barracks |
| 10:25 | Build | Mining Camp |
| 11:08 | Queue | Villager (Male) |
| 11:08 | Queue | Villager (Male) |
| 11:28 | Age | Feudal Age |
| 11:30 | Build | Stable |
| 11:46 | Build | Blacksmith |
| 12:17 | Research | Horse Collar |
| 12:23 | Queue | Villager (Male) |
| 12:58 | Queue | Scout Cavalry |
| 13:02 | Research | Castle Age |
| 13:12 | Build | Farm |
| 13:12 | Build | Farm |
| 13:30 | Queue | Scout Cavalry |
| 13:34 | Build | Farm |
| 13:53 | Build | Farm |
| 13:55 | Build | Farm |
| 14:01 | Queue | Scout Cavalry |
| 14:05 | Build | House |
| 14:06 | Build | House |
| 14:14 | Research | Double-Bit Axe |
| 14:46 | Queue | Scout Cavalry |
| 14:56 | Queue | Villager (Male) |
| 14:58 | Build | Farm |
| 14:59 | Build | Farm |
| 15:06 | Build | House |
| 15:23 | Queue | Villager (Male) |
| 15:42 | Age | Castle Age |
| 15:42 | Build | House |
| 15:45 | Research | Light Cavalry (upgrade) |
| 15:51 | Build | Siege Workshop |
| 15:55 | Queue | Villager (Male) |
| 16:14 | Build | House |
| 16:17 | Queue | Villager (Male) |
| 16:47 | Build | House |
| 16:49 | Queue | Knight |
| 17:06 | Queue | Villager (Male) |
| 17:11 | Build | Town Center |
| 17:18 | Queue | Knight |
| 17:39 | Queue | Mangonel |
| 17:45 | Build | Monastery |
| 17:46 | Queue | Villager (Male) |
| 18:09 | Queue | Villager (Male) |
| 18:11 | Queue | Scorpion |
| 18:47 | Queue | Villager (Male) |
| 18:57 | Build | Stone Wall |
| 18:59 | Build | Gate |
| 19:16 | Queue | Villager (Male) |
| 19:36 | Queue | Monk |
| 19:37 | Queue | Villager (Male) |
| 19:37 | Queue | Villager (Male) |
| 19:51 | Build | Farm |
| 19:54 | Build | Mill |
| 19:59 | Queue | Scorpion |
| 20:03 | Queue | Villager (Male) |
| 20:17 | Build | Farm |
| 20:18 | Build | Farm |
| 20:22 | Queue | Villager (Male) |
| 20:24 | Queue | Scorpion |
| 20:26 | Queue | Villager (Male) |
| 21:07 | Queue | Villager (Male) |
| 21:11 | Queue | Villager (Male) |
| 21:12 | Build | Farm |
| 21:14 | Build | Farm |
| 21:15 | Build | Farm |
| 21:16 | Queue | Villager (Male) |
| 21:18 | Build | Town Center |
| 21:25 | Build | House |
| 21:26 | Build | House |
| 21:29 | Queue | Villager (Male) |
| 21:39 | Queue | Villager (Male) |
| 21:45 | Build | Stone Wall |
| 21:57 | Queue | Villager (Male) |
| 21:59 | Queue | Villager (Male) |
| 22:03 | Build | Farm |
| 22:04 | Build | Farm |
| 22:05 | Build | Farm |
| 22:11 | Build | Mill |
| 22:14 | Queue | Villager (Male) |
| 22:18 | Queue | Villager (Male) |
| 22:21 | Build | Mining Camp |
| 22:41 | Build | Stone Wall |
| 23:13 | Queue | Villager (Male) |
| 23:13 | Queue | Villager (Male) |
| 23:13 | Queue | Villager (Male) |
| 23:17 | Build | Farm |
| 23:18 | Build | Farm |
| 23:18 | Build | Farm |
| 23:18 | Build | Farm |
| 23:18 | Build | Farm |
| 23:21 | Build | Farm |
| 23:25 | Research | Heavy Plow |
| 23:26 | Queue | Villager (Male) |
| 23:27 | Queue | Villager (Male) |
| 23:40 | Queue | Mangonel |
| 23:41 | Queue | Villager (Male) |
| 23:52 | Build | Stone Wall |
| 23:56 | Build | House |
| 23:56 | Build | House |
| 23:59 | Queue | Villager (Male) |
| 23:59 | Queue | Villager (Male) |
| 23:59 | Queue | Villager (Male) |
| 24:11 | Build | Stone Wall |
| 24:17 | Build | Outpost |
| 24:20 | Queue | Villager (Male) |
| 24:36 | Queue | Mangonel |
| 24:38 | Queue | Villager (Male) |
| 24:39 | Queue | Villager (Male) |
| 24:39 | Queue | Villager (Male) |
| 24:42 | Queue | Villager (Male) |
| 25:11 | Queue | Villager (Male) |
| 25:11 | Queue | Villager (Male) |
| 25:42 | Queue | Villager (Male) |
| 25:43 | Queue | Villager (Male) |
| 25:45 | Queue | Villager (Male) |
Build order — danger_noodle42
First 150 of 690 actions detected
| 0:00 | Queue | Villager (Male) |
| 0:01 | Queue | Villager (Male) |
| 0:02 | Build | House |
| 0:03 | Build | House |
| 0:09 | Queue | Villager (Male) |
| 0:09 | Queue | Villager (Male) |
| 1:24 | Queue | Villager (Male) |
| 1:50 | Queue | Villager (Male) |
| 2:09 | Queue | Villager (Male) |
| 2:35 | Build | Lumber Camp |
| 2:40 | Queue | Villager (Male) |
| 2:40 | Queue | Villager (Male) |
| 2:50 | Queue | Villager (Male) |
| 3:17 | Build | House |
| 3:28 | Queue | Villager (Male) |
| 4:04 | Queue | Villager (Male) |
| 4:07 | Queue | Villager (Male) |
| 4:41 | Build | Mill |
| 4:43 | Queue | Villager (Male) |
| 4:58 | Queue | Villager (Male) |
| 5:11 | Queue | Villager (Male) |
| 5:22 | Queue | Villager (Male) |
| 5:33 | Build | House |
| 5:51 | Queue | Villager (Male) |
| 6:22 | Queue | Villager (Male) |
| 6:42 | Queue | Villager (Male) |
| 6:45 | Queue | Villager (Male) |
| 7:33 | Build | Mining Camp |
| 7:40 | Queue | Villager (Male) |
| 8:08 | Build | Palisade Wall |
| 8:09 | Build | Palisade Wall |
| 8:12 | Build | Palisade Wall |
| 8:16 | Build | Palisade Wall |
| 8:28 | Research | Feudal Age |
| 9:43 | Build | Palisade Wall |
| 9:49 | Build | House |
| 10:17 | Queue | Villager (Male) |
| 10:56 | Age | Feudal Age |
| 11:03 | Build | Market |
| 11:06 | Build | Blacksmith |
| 11:13 | Research | Double-Bit Axe |
| 11:22 | Queue | Villager (Male) |
| 11:56 | Research | Castle Age |
| 11:56 | Research | Castle Age |
| 12:15 | Research | Horse Collar |
| 12:19 | Research | Gold Mining |
| 13:08 | Build | Lumber Camp |
| 13:18 | Build | Palisade Wall |
| 13:20 | Build | Palisade Wall |
| 13:22 | Build | Palisade Wall |
| 13:28 | Build | Palisade Wall |
| 13:48 | Build | Barracks |
| 14:17 | Queue | Villager (Male) |
| 14:36 | Age | Castle Age |
| 14:40 | Research | Bow Saw |
| 14:45 | Build | House |
| 14:46 | Queue | Fire Lancer |
| 14:50 | Build | Siege Workshop |
| 14:58 | Queue | Villager (Male) |
| 15:08 | Build | House |
| 15:23 | Queue | Villager (Male) |
| 15:28 | Queue | Fire Lancer |
| 15:34 | Queue | Battering Ram |
| 15:37 | Build | House |
| 15:38 | Queue | Villager (Male) |
| 16:01 | Queue | Iron Pagoda |
| 16:14 | Queue | Villager (Male) |
| 16:15 | Queue | Fire Lancer |
| 16:19 | Build | House |
| 16:31 | Queue | Villager (Male) |
| 16:39 | Queue | Fire Lancer |
| 16:44 | Research | Scale Mail Armor |
| 16:46 | Queue | Villager (Male) |
| 17:22 | Queue | Iron Pagoda |
| 17:27 | Queue | Villager (Male) |
| 17:33 | Queue | Villager (Male) |
| 17:36 | Build | Town Center |
| 17:46 | Queue | Villager (Male) |
| 18:10 | Build | Town Center |
| 18:40 | Build | Farm |
| 18:41 | Build | Farm |
| 18:41 | Build | Farm |
| 18:41 | Build | Farm |
| 18:41 | Build | Farm |
| 18:42 | Build | Farm |
| 18:48 | Queue | Villager (Male) |
| 18:52 | Queue | Villager (Male) |
| 18:55 | Queue | Villager (Male) |
| 19:00 | Queue | Villager (Male) |
| 19:03 | Build | Farm |
| 19:15 | Queue | Unit 1105 |
| 19:17 | Queue | Villager (Male) |
| 19:19 | Queue | Villager (Male) |
| 19:25 | Queue | Villager (Male) |
| 19:42 | Queue | Villager (Male) |
| 19:42 | Queue | Fire Lancer |
| 19:49 | Queue | Villager (Male) |
| 19:51 | Queue | Villager (Male) |
| 19:57 | Queue | Villager (Male) |
| 20:01 | Queue | Villager (Male) |
| 20:05 | Queue | Villager (Male) |
| 20:07 | Queue | Villager (Male) |
| 20:15 | Queue | Villager (Male) |
| 20:36 | Build | House |
| 20:37 | Build | House |
| 20:37 | Build | House |
| 20:37 | Build | House |
| 20:55 | Queue | Villager (Male) |
| 21:19 | Build | Farm |
| 21:19 | Build | Farm |
| 21:20 | Build | Farm |
| 21:20 | Build | Farm |
| 21:20 | Build | Farm |
| 21:21 | Build | Farm |
| 21:21 | Build | Farm |
| 21:36 | Queue | Villager (Male) |
| 21:44 | Build | Farm |
| 21:45 | Build | Farm |
| 21:45 | Build | Farm |
| 21:45 | Build | Farm |
| 21:45 | Build | Farm |
| 21:46 | Build | Farm |
| 21:46 | Build | Farm |
| 21:49 | Queue | Villager (Male) |
| 21:51 | Build | Farm |
| 21:51 | Build | Farm |
| 21:51 | Build | Farm |
| 21:51 | Build | Farm |
| 21:52 | Build | Farm |
| 21:52 | Build | Farm |
| 22:00 | Queue | Villager (Male) |
| 22:03 | Queue | Villager (Male) |
| 22:10 | Queue | Villager (Male) |
| 22:12 | Build | Farm |
| 22:12 | Build | Farm |
| 22:12 | Build | Farm |
| 22:13 | Build | Farm |
| 22:22 | Queue | Fire Lancer |
| 22:24 | Queue | Iron Pagoda |
| 22:25 | Queue | Villager (Male) |
| 22:28 | Build | Farm |
| 22:28 | Build | Farm |
| 22:35 | Research | Horse Collar |
| 22:36 | Queue | Villager (Male) |
| 22:43 | Queue | Villager (Male) |
| 22:49 | Queue | Villager (Male) |
| 22:54 | Build | Farm |
| 22:55 | Build | Farm |
| 22:55 | Build | Farm |
| 22:55 | Build | Farm |
Build order — NOC | Target331
First 150 of 389 actions detected
| 0:01 | Research | Loom |
| 0:05 | Build | House |
| 0:07 | Build | House |
| 0:17 | Queue | Villager (Male) ×4 |
| 2:07 | Queue | Villager (Male) |
| 2:43 | Queue | Villager (Male) |
| 3:08 | Queue | Villager (Male) |
| 3:38 | Queue | Villager (Male) |
| 3:46 | Build | House |
| 3:57 | Queue | Villager (Male) |
| 4:22 | Queue | Villager (Male) |
| 4:46 | Queue | Villager (Male) |
| 4:56 | Build | Palisade Wall |
| 5:08 | Build | Palisade Wall |
| 5:23 | Queue | Villager (Male) |
| 5:42 | Queue | Villager (Male) |
| 6:04 | Queue | Villager (Male) |
| 6:37 | Build | Palisade Wall |
| 6:55 | Queue | Villager (Male) |
| 7:05 | Build | Palisade Wall |
| 7:07 | Build | House |
| 7:35 | Queue | Villager (Male) |
| 7:35 | Queue | Villager (Male) |
| 7:35 | Queue | Villager (Male) |
| 7:40 | Build | Palisade Wall |
| 8:17 | Queue | Villager (Male) |
| 8:17 | Queue | Villager (Male) |
| 8:17 | Queue | Villager (Male) |
| 8:59 | Build | Palisade Wall |
| 9:06 | Build | Lumber Camp |
| 10:00 | Queue | Villager (Male) |
| 10:22 | Queue | Villager (Male) |
| 10:22 | Queue | Villager (Male) |
| 10:28 | Build | Mill |
| 10:44 | Build | Palisade Wall |
| 10:46 | Build | Palisade Wall |
| 10:46 | Build | Palisade Wall |
| 10:47 | Build | Palisade Wall |
| 10:51 | Build | Palisade Wall |
| 10:51 | Build | Palisade Wall |
| 10:52 | Build | Palisade Wall |
| 10:59 | Build | House |
| 11:19 | Queue | Villager (Male) |
| 11:19 | Queue | Villager (Male) |
| 11:42 | Build | House |
| 11:43 | Queue | Villager (Male) |
| 11:45 | Queue | Villager (Male) |
| 12:09 | Queue | Villager (Male) |
| 12:14 | Build | House |
| 12:36 | Build | Palisade Wall |
| 13:01 | Queue | Villager (Male) |
| 13:08 | Queue | Villager (Male) |
| 13:08 | Queue | Villager (Male) |
| 13:43 | Queue | Villager (Male) |
| 13:43 | Queue | Villager (Male) |
| 13:43 | Queue | Villager (Male) |
| 14:03 | Build | Palisade Wall |
| 14:22 | Queue | Villager (Male) |
| 14:22 | Queue | Villager (Male) |
| 14:49 | Build | Palisade Wall |
| 15:11 | Queue | Villager (Male) |
| 15:18 | Queue | Villager (Male) |
| 16:02 | Queue | Villager (Male) |
| 16:38 | Queue | Villager (Male) |
| 17:05 | Queue | Villager (Male) |
| 17:28 | Build | Mill |
| 17:41 | Build | Palisade Wall |
| 17:42 | Build | Palisade Wall |
| 17:52 | Build | Farm |
| 17:52 | Build | Farm |
| 17:53 | Build | Farm |
| 17:56 | Queue | Villager (Male) |
| 18:26 | Build | Palisade Wall |
| 18:55 | Queue | Villager (Male) |
| 19:11 | Queue | Villager (Male) |
| 19:16 | Queue | Villager (Male) |
| 19:45 | Build | Palisade Wall |
| 19:48 | Build | Palisade Wall |
| 20:32 | Queue | Villager (Male) |
| 20:32 | Queue | Villager (Male) |
| 20:33 | Queue | Villager (Male) |
| 20:39 | Build | Lumber Camp |
| 20:41 | Queue | Villager (Male) |
| 21:27 | Build | Farm |
| 21:29 | Build | Farm |
| 21:30 | Build | Farm |
| 21:31 | Build | Farm |
| 21:48 | Build | Farm |
| 21:49 | Build | Farm |
| 21:51 | Queue | Villager (Male) |
| 22:17 | Build | House |
| 22:18 | Build | House |
| 22:23 | Queue | Villager (Male) |
| 22:44 | Build | Mining Camp |
| 22:47 | Build | Lumber Camp |
| 22:55 | Queue | Villager (Male) |
| 23:28 | Queue | Villager (Male) |
| 23:56 | Research | Feudal Age |
| 24:00 | Queue | Villager (Male) |
| 24:08 | Build | Farm |
| 24:08 | Build | Farm |
| 24:11 | Build | Farm |
| 24:12 | Build | Farm |
| 24:27 | Build | House |
| 24:32 | Queue | Villager (Male) |
| 26:06 | Age | Feudal Age |
| 26:10 | Build | Market |
| 26:15 | Build | Blacksmith |
| 26:29 | Build | Palisade Wall |
| 26:32 | Build | Palisade Wall |
| 26:44 | Build | House |
| 26:55 | Research | Double-Bit Axe |
| 27:05 | Research | Castle Age |
| 27:11 | Build | Palisade Wall |
| 27:24 | Research | Horse Collar |
| 27:46 | Build | Mining Camp |
| 27:50 | Queue | Villager (Male) |
| 27:51 | Queue | Villager (Male) |
| 29:45 | Age | Castle Age |
| 29:47 | Build | University |
| 29:50 | Build | Monastery |
| 30:01 | Build | Town Center |
| 30:09 | Build | Town Center |
| 30:32 | Build | Monastery |
| 30:38 | Research | Sanctity |
| 30:43 | Research | Imperial Age |
| 31:38 | Queue | Villager (Male) |
| 31:50 | Queue | Villager (Male) |
| 31:53 | Queue | Monk |
| 32:02 | Queue | Monk |
| 32:12 | Queue | Villager (Male) |
| 32:16 | Research | Bow Saw |
| 32:18 | Queue | Villager (Male) |
| 32:24 | Queue | Villager (Male) |
| 32:34 | Queue | Villager (Male) ×2 |
| 32:39 | Research | Redemption |
| 33:22 | Build | Monastery |
| 33:30 | Queue | Villager (Male) |
| 33:30 | Queue | Villager (Male) |
| 33:31 | Queue | Villager (Male) |
| 33:31 | Queue | Villager (Male) |
| 33:31 | Queue | Villager (Male) |
| 33:39 | Build | Farm |
| 33:52 | Build | Farm |
| 33:53 | Age | Imperial Age |
| 34:12 | Research | Block Printing |
| 34:15 | Research | Theocracy |
| 34:21 | Queue | Villager (Male) |
| 34:21 | Queue | Villager (Male) |
| 34:22 | Queue | Villager (Male) |
Match timeline
| 0:41 | Grinchy · wall_segment Palisade Wall x3 |
| 0:52 | Grinchy · wall_segment Palisade Wall x1 |
| 0:53 | Grinchy · wall_segment Palisade Wall x1 |
| 0:55 | Grinchy · wall_segment Palisade Wall x1 |
| 0:57 | Grinchy · wall_segment Palisade Wall x1 |
| 1:02 | Grinchy · wall_segment Palisade Wall x1 |
| 1:03 | Grinchy · wall_segment Palisade Wall x1 |
| 1:16 | Grinchy · wall_segment Palisade Wall x1 |
| 1:34 | lion_ · wall_segment Palisade Wall x2 |
| 1:41 | Grinchy · wall_segment Palisade Wall x3 |
| 2:01 | Grinchy · wall_segment Palisade Wall x1 |
| 2:02 | Grinchy · wall_segment Palisade Wall x1 |
| 2:32 | Grinchy · wall_segment Palisade Wall x1 |
| 2:41 | aleksanderG · wall_segment Palisade Wall x6 |
| 2:41 | lion_ · wall_segment Palisade Wall x6 |
| 2:51 | Grinchy · wall_segment Palisade Wall x4 |
| 2:54 | lion_ · wall_segment Palisade Wall x1 |
| 2:54 | aleksanderG · wall_segment Palisade Wall x1 |
| 2:55 | aleksanderG · wall_segment Palisade Wall x1 |
| 2:59 | aleksanderG · wall_segment Palisade Wall x1 |
| 3:05 | lion_ · wall_segment Palisade Wall x1 |
| 3:06 | lion_ · wall_segment Palisade Wall x1 |
| 3:51 | Baby · first_building Dock |
| 4:04 | Grinchy · wall_segment Palisade Wall x3 |
| 4:06 | Grinchy · wall_segment Palisade Wall x1 |
| 4:07 | Grinchy · wall_segment Palisade Wall x1 |
| 4:35 | Grinchy · wall_segment Palisade Wall x1 |
| 4:56 | NOC | Target331 · wall_segment Palisade Wall x9 |
| 5:07 | aleksanderG · wall_segment Palisade Wall x13 |
| 5:08 | NOC | Target331 · wall_segment Palisade Wall x1 |
| 5:16 | Yakul · wall_segment Palisade Wall x1 |
| 5:20 | Yakul · wall_segment Palisade Wall x1 |
| 5:21 | Yakul · wall_segment Palisade Wall x1 |
| 5:23 | Jinada · first_building Dock |
| 5:25 | Yakul · wall_segment Palisade Wall x1 |
| 5:25 | Yakul · wall_segment Palisade Wall x1 |
| 5:35 | aleksanderG · wall_segment Palisade Wall x1 |
| 5:51 | Baby · wall_segment Palisade Wall x1 |
| 5:53 | Baby · wall_segment Palisade Wall x1 |
| 5:56 | Baby · wall_segment Palisade Wall x1 |
| 5:56 | Baby · wall_segment Palisade Wall x1 |
| 6:09 | aleksanderG · wall_segment Palisade Wall x3 |
| 6:13 | Baby · wall_segment Palisade Wall x1 |
| 6:13 | aleksanderG · wall_segment Palisade Wall x7 |
| 6:15 | Baby · wall_segment Palisade Wall x1 |
| 6:17 | Baby · wall_segment Palisade Wall x1 |
| 6:21 | Baby · wall_segment Palisade Wall x1 |
| 6:24 | Baby · wall_segment Palisade Wall x1 |
| 6:28 | Baby · wall_segment Palisade Wall x1 |
| 6:31 | Baby · wall_segment Palisade Wall x1 |
| 6:37 | NOC | Target331 · wall_segment Palisade Wall x6 |
| 6:37 | Baby · wall_segment Palisade Wall x1 |
| 6:42 | Baby · wall_segment Palisade Wall x1 |
| 6:42 | Grinchy · wall_segment Palisade Wall x9 |
| 6:50 | Baby · wall_segment Palisade Wall x1 |
| 6:56 | Jinada · wall_segment Palisade Wall x1 |
| 7:05 | NOC | Target331 · wall_segment Palisade Wall x1 |
| 7:13 | Yakul · wall_segment Palisade Wall x5 |
| 7:33 | Grinchy · wall_segment Palisade Wall x1 |
| 7:40 | lion_ · wall_segment Palisade Wall x1 |
| 7:40 | NOC | Target331 · wall_segment Palisade Wall x1 |
| 7:56 | Yakul · wall_segment Palisade Wall x6 |
| 8:08 | danger_noodle42 · wall_segment Palisade Wall x1 |
| 8:09 | danger_noodle42 · wall_segment Palisade Wall x1 |
| 8:12 | danger_noodle42 · wall_segment Palisade Wall x1 |
| 8:16 | danger_noodle42 · wall_segment Palisade Wall x1 |
| 8:56 | lion_ · wall_segment Palisade Wall x1 |
| 8:58 | lion_ · wall_segment Palisade Wall x1 |
| 8:59 | NOC | Target331 · wall_segment Palisade Wall x1 |
| 9:00 | lion_ · wall_segment Palisade Wall x1 |
| 9:02 | lion_ · wall_segment Palisade Wall x1 |
| 9:43 | danger_noodle42 · wall_segment Palisade Wall x1 |
| 9:45 | aleksanderG · wall_segment Palisade Wall x1 |
| 9:58 | Yakul · first_building Barracks |
| 10:37 | Baby · age_up feudal |
| 10:44 | NOC | Target331 · wall_segment Palisade Wall x1 |
| 10:46 | NOC | Target331 · wall_segment Palisade Wall x1 |
| 10:46 | NOC | Target331 · wall_segment Palisade Wall x1 |
| 10:47 | NOC | Target331 · wall_segment Palisade Wall x1 |
| 10:51 | NOC | Target331 · wall_segment Palisade Wall x1 |
| 10:51 | NOC | Target331 · wall_segment Palisade Wall x1 |
| 10:52 | NOC | Target331 · wall_segment Palisade Wall x1 |
| 10:56 | danger_noodle42 · age_up feudal |
| 11:03 | Jinada · age_up feudal |
| 11:12 | aleksanderG · age_up feudal |
| 11:21 | lion_ · wall_segment Palisade Wall x4 |
| 11:28 | Yakul · age_up feudal |
| 11:30 | Yakul · first_building Stable |
| 11:38 | aleksanderG · wall_segment Stone Wall x3 |
| 11:39 | aleksanderG · wall_segment Stone Wall x1 |
| 11:40 | Grinchy · age_up feudal |
| 11:41 | aleksanderG · wall_segment Stone Wall x8 |
| 11:42 | Grinchy · wall_segment Stone Wall x9 |
| 11:43 | aleksanderG · wall_segment Stone Wall x2 |
| 11:43 | Grinchy · wall_segment Stone Wall x2 |
| 11:45 | Grinchy · wall_segment Stone Wall x6 |
| 11:52 | Grinchy · wall_segment Stone Wall x3 |
| 12:00 | lion_ · wall_segment Palisade Wall x1 |
| 12:36 | NOC | Target331 · wall_segment Palisade Wall x1 |
| 12:58 | Jinada · wall_segment Palisade Wall x1 |
| 12:59 | Jinada · wall_segment Palisade Wall x1 |
| 13:18 | danger_noodle42 · wall_segment Palisade Wall x1 |
| 13:20 | danger_noodle42 · wall_segment Palisade Wall x1 |
| 13:22 | danger_noodle42 · wall_segment Palisade Wall x1 |
| 13:28 | danger_noodle42 · wall_segment Palisade Wall x1 |
| 13:36 | lion_ · wall_segment Palisade Wall x4 |
| 13:48 | danger_noodle42 · first_building Barracks |
| 13:52 | Jinada · age_up castle |
| 14:03 | NOC | Target331 · wall_segment Palisade Wall x1 |
| 14:04 | Jinada · wall_segment Palisade Wall x1 |
| 14:06 | Jinada · wall_segment Palisade Wall x1 |
| 14:06 | lion_ · wall_segment Palisade Wall x1 |
| 14:09 | Jinada · wall_segment Palisade Wall x1 |
| 14:14 | Jinada · wall_segment Palisade Wall x1 |
| 14:30 | lion_ · wall_segment Palisade Wall x1 |
| 14:36 | danger_noodle42 · age_up castle |
| 14:37 | Jinada · first_building Siege Workshop |
| 14:41 | lion_ · wall_segment Palisade Wall x1 |
| 14:45 | lion_ · wall_segment Palisade Wall x1 |
| 14:49 | NOC | Target331 · wall_segment Palisade Wall x1 |
| 14:50 | danger_noodle42 · first_building Siege Workshop |
| 14:55 | aleksanderG · wall_segment Stone Wall x10 |
| 15:22 | lion_ · wall_segment Palisade Wall x1 |
| 15:23 | lion_ · wall_segment Palisade Wall x1 |
| 15:24 | lion_ · wall_segment Palisade Wall x1 |
| 15:28 | lion_ · wall_segment Palisade Wall x1 |
| 15:41 | lion_ · wall_segment Palisade Wall x2 |
| 15:42 | Yakul · age_up castle |
| 15:44 | lion_ · wall_segment Palisade Wall x1 |
| 15:46 | lion_ · wall_segment Palisade Wall x1 |
| 15:48 | lion_ · wall_segment Palisade Wall x1 |
| 15:51 | Yakul · first_building Siege Workshop |
| 15:55 | aleksanderG · wall_segment Stone Wall x6 |
| 16:06 | lion_ · wall_segment Palisade Wall x1 |
| 16:07 | lion_ · wall_segment Palisade Wall x1 |
| 16:09 | lion_ · wall_segment Palisade Wall x1 |
| 16:11 | aleksanderG · wall_segment Stone Wall x1 |
| 16:13 | aleksanderG · first_market_buy 100 food |
| 16:15 | aleksanderG · first_market_sell 100 wood |
| 16:25 | lion_ · wall_segment Palisade Wall x1 |
| 16:26 | Grinchy · age_up castle |
| 16:26 | aleksanderG · wall_segment Stone Wall x1 |
| 16:42 | aleksanderG · wall_segment Stone Wall x6 |
| 16:56 | lion_ · first_building Dock |
| 17:06 | Baby · first_building Barracks |
| 17:09 | lion_ · wall_segment Palisade Wall x2 |
| 17:12 | aleksanderG · wall_segment Stone Wall x1 |
| 17:15 | lion_ · wall_segment Palisade Wall x2 |
| 17:17 | lion_ · wall_segment Palisade Wall x1 |
| 17:27 | aleksanderG · wall_segment Stone Wall x1 |
| 17:29 | aleksanderG · wall_segment Stone Wall x1 |
| 17:36 | Jinada · first_building Monastery |
| 17:41 | NOC | Target331 · wall_segment Palisade Wall x1 |
| 17:42 | NOC | Target331 · wall_segment Palisade Wall x1 |
| 17:45 | Yakul · first_building Monastery |
| 17:57 | aleksanderG · wall_segment Stone Wall x1 |
| 17:58 | aleksanderG · wall_segment Stone Wall x4 |
| 18:17 | aleksanderG · wall_segment Stone Wall x6 |
| 18:21 | aleksanderG · wall_segment Stone Wall x4 |
| 18:23 | aleksanderG · wall_segment Stone Wall x1 |
| 18:26 | NOC | Target331 · wall_segment Palisade Wall x1 |
| 18:30 | Grinchy · first_market_buy 100 food |
| 18:41 | Jinada · wall_segment Stone Wall x2 |
| 18:57 | Yakul · wall_segment Stone Wall x10 |
| 19:09 | aleksanderG · age_up castle |
| 19:18 | aleksanderG · wall_segment Stone Wall x1 |
| 19:45 | NOC | Target331 · wall_segment Palisade Wall x4 |
| 19:48 | NOC | Target331 · wall_segment Palisade Wall x3 |
| 19:53 | Baby · wall_segment Palisade Wall x1 |
| 19:54 | Baby · wall_segment Palisade Wall x1 |
| 19:57 | Baby · age_up castle |
| 20:05 | Baby · first_building Siege Workshop |
| 21:06 | aleksanderG · first_building Castle |
| 21:29 | Baby · first_building Monastery |
| 21:45 | Yakul · wall_segment Stone Wall x6 |
| 21:48 | danger_noodle42 · first_market_buy 100 food |
| 21:50 | lion_ · first_building Barracks |
| 22:14 | Baby · first_building Castle |
| 22:16 | Grinchy · first_market_sell 100 food |
| 22:19 | Grinchy · wall_segment Stone Wall x10 |
| 22:35 | Grinchy · first_building Barracks |
| 22:41 | Yakul · wall_segment Stone Wall x7 |
| 23:12 | lion_ · age_up feudal |
| 23:16 | lion_ · first_building Archery Range |
| 23:43 | lion_ · wall_segment Stone Wall x2 |
| 23:47 | lion_ · wall_segment Stone Wall x4 |
| 23:52 | Yakul · wall_segment Stone Wall x1 |
| 23:57 | lion_ · wall_segment Stone Wall x1 |
| 24:11 | Yakul · wall_segment Stone Wall x5 |
| 24:15 | lion_ · wall_segment Stone Wall x1 |
| 24:17 | lion_ · wall_segment Stone Wall x1 |
| 24:31 | lion_ · wall_segment Stone Wall x1 |
| 24:33 | lion_ · wall_segment Stone Wall x1 |
| 24:38 | lion_ · wall_segment Stone Wall x5 |
| 24:51 | lion_ · wall_segment Stone Wall x5 |
| 25:08 | lion_ · wall_segment Stone Wall x3 |
| 25:42 | lion_ · wall_segment Stone Wall x1 |
| 25:45 | lion_ · wall_segment Stone Wall x1 |
| 26:06 | NOC | Target331 · age_up feudal |
| 26:06 | Grinchy · wall_segment Stone Wall x10 |
| 26:12 | lion_ · wall_segment Stone Wall x1 |
| 26:14 | Grinchy · wall_segment Stone Wall x8 |
| 26:14 | lion_ · wall_segment Stone Wall x1 |
| 26:19 | lion_ · wall_segment Stone Wall x1 |
| 26:25 | Yakul · first_market_buy 100 stone |
| 26:29 | NOC | Target331 · wall_segment Palisade Wall x1 |
| 26:30 | lion_ · wall_segment Stone Wall x1 |
| 26:32 | NOC | Target331 · wall_segment Palisade Wall x1 |
| 26:41 | lion_ · wall_segment Stone Wall x2 |
| 26:46 | Grinchy · wall_segment Stone Wall x4 |
| 26:51 | Grinchy · wall_segment Stone Wall x5 |
| 26:53 | Grinchy · wall_segment Stone Wall x2 |
| 27:03 | lion_ · age_up castle |
| 27:06 | Yakul · first_building Castle |
| 27:11 | NOC | Target331 · wall_segment Palisade Wall x1 |
| 27:15 | Jinada · first_building Castle |
| 27:26 | Yakul · wall_segment Stone Wall x9 |
| 28:00 | danger_noodle42 · first_market_sell 100 food |
| 28:10 | Baby · first_market_sell 100 wood |
| 28:14 | Yakul · first_building Archery Range |
| 28:46 | Grinchy · first_building Monastery |
| 29:31 | Jinada · first_building Barracks |
| 29:45 | NOC | Target331 · age_up castle |
| 29:50 | NOC | Target331 · first_building Monastery |
| 30:04 | Grinchy · wall_segment Stone Wall x3 |
| 30:06 | Grinchy · wall_segment Stone Wall x4 |
| 30:16 | Jinada · first_building Stable |
| 30:31 | Jinada · age_up imperial |
| 30:45 | Grinchy · wall_segment Stone Wall x7 |
| 30:50 | Grinchy · wall_segment Stone Wall x2 |
| 30:55 | Yakul · age_up imperial |
| 31:09 | Grinchy · wall_segment Stone Wall x3 |
| 31:14 | Grinchy · wall_segment Stone Wall x5 |
| 31:28 | Baby · age_up imperial |
| 31:30 | danger_noodle42 · first_building Castle |
| 32:17 | danger_noodle42 · age_up imperial |
| 32:22 | Grinchy · wall_segment Stone Wall x5 |
| 32:25 | Grinchy · wall_segment Stone Wall x7 |
| 33:03 | Grinchy · wall_segment Stone Wall x6 |
| 33:26 | Grinchy · age_up imperial |
| 33:33 | Grinchy · wall_segment Stone Wall x9 |
| 33:41 | Grinchy · wall_segment Stone Wall x7 |
| 33:53 | NOC | Target331 · age_up imperial |
| 34:20 | Grinchy · wall_segment Stone Wall x3 |
| 34:51 | aleksanderG · first_building Siege Workshop |
| 35:46 | Grinchy · first_building Castle |
| 35:53 | danger_noodle42 · tribute_sent a jugador 1 |
| 35:53 | danger_noodle42 · tribute_sent a jugador 2 |
| 35:53 | danger_noodle42 · tribute_sent a jugador 3 |
| 35:53 | danger_noodle42 · tribute_sent a jugador 4 |
| 35:53 | danger_noodle42 · tribute_sent a jugador 5 |
| 35:53 | danger_noodle42 · tribute_sent a jugador 6 |
| 35:53 | danger_noodle42 · tribute_sent a jugador 8 |
| 36:08 | Yakul · first_market_sell 500 wood |
| 36:18 | aleksanderG · age_up imperial |
| 36:45 | Baby · first_market_buy 100 stone |
| 36:58 | lion_ · wall_segment Stone Wall x15 |
| 38:05 | Jinada · first_market_sell 100 food |
| 38:27 | lion_ · wall_segment Stone Wall x7 |
| 38:29 | lion_ · wall_segment Stone Wall x2 |
| 38:35 | lion_ · wall_segment Stone Wall x18 |
| 39:15 | lion_ · wall_segment Stone Wall x13 |
| 40:07 | lion_ · wall_segment Stone Wall x1 |
| 40:13 | lion_ · wall_segment Stone Wall x1 |
| 40:14 | lion_ · wall_segment Stone Wall x1 |
| 40:14 | lion_ · wall_segment Stone Wall x2 |
| 40:54 | lion_ · wall_segment Stone Wall x1 |
| 41:05 | Yakul · wall_segment Stone Wall x8 |
| 41:14 | lion_ · wall_segment Stone Wall x2 |
| 41:14 | Yakul · wall_segment Stone Wall x5 |
| 41:15 | lion_ · wall_segment Stone Wall x4 |
| 41:19 | lion_ · wall_segment Stone Wall x6 |
| 41:19 | Yakul · wall_segment Stone Wall x7 |
| 41:21 | Yakul · wall_segment Stone Wall x3 |
| 41:23 | lion_ · wall_segment Stone Wall x7 |
| 41:47 | Yakul · wall_segment Stone Wall x5 |
| 41:50 | Yakul · wall_segment Stone Wall x2 |
| 41:53 | Yakul · wall_segment Stone Wall x9 |
| 41:54 | Yakul · wall_segment Stone Wall x1 |
| 42:02 | Yakul · wall_segment Stone Wall x8 |
| 42:02 | lion_ · wall_segment Stone Wall x3 |
| 42:05 | Yakul · wall_segment Stone Wall x3 |
| 42:26 | lion_ · wall_segment Stone Wall x6 |
| 42:54 | Yakul · wall_segment Stone Wall x2 |
| 43:03 | lion_ · wall_segment Stone Wall x8 |
| 43:08 | Yakul · wall_segment Stone Wall x2 |
| 43:12 | Grinchy · tribute_sent a jugador 1 |
| 43:12 | Grinchy · tribute_sent a jugador 2 |
| 43:12 | Grinchy · tribute_sent a jugador 3 |
| 43:12 | Grinchy · tribute_sent a jugador 5 |
| 43:12 | Grinchy · tribute_sent a jugador 6 |
| 43:12 | Grinchy · tribute_sent a jugador 7 |
| 43:12 | Grinchy · tribute_sent a jugador 8 |
| 43:43 | lion_ · first_market_sell 500 wood |
| 43:52 | NOC | Target331 · first_building Barracks |
| 44:06 | Grinchy · tribute_sent a jugador 1 |
| 44:06 | Grinchy · tribute_sent a jugador 2 |
| 44:06 | Grinchy · tribute_sent a jugador 3 |
| 44:06 | Grinchy · tribute_sent a jugador 5 |
| 44:06 | Grinchy · tribute_sent a jugador 6 |
| 44:06 | Grinchy · tribute_sent a jugador 7 |
| 44:06 | Grinchy · tribute_sent a jugador 8 |
| 44:13 | lion_ · first_building Monastery |
| 44:26 | Yakul · wall_segment Stone Wall x3 |
| 44:27 | Yakul · wall_segment Stone Wall x1 |
| 44:28 | Yakul · wall_segment Stone Wall x1 |
| 44:43 | NOC | Target331 · wall_segment Stone Wall x7 |
| 44:44 | aleksanderG · tribute_sent a jugador 1 |
| 44:44 | aleksanderG · tribute_sent a jugador 3 |
| 44:44 | aleksanderG · tribute_sent a jugador 4 |
| 44:44 | aleksanderG · tribute_sent a jugador 5 |
| 44:44 | aleksanderG · tribute_sent a jugador 6 |
| 44:44 | aleksanderG · tribute_sent a jugador 7 |
| 44:44 | aleksanderG · tribute_sent a jugador 8 |
| 45:07 | Jinada · first_market_buy 100 stone |
| 45:28 | Jinada · tribute_sent a jugador 1 |
| 45:28 | Jinada · tribute_sent a jugador 2 |
| 45:28 | Jinada · tribute_sent a jugador 3 |
| 45:28 | Jinada · tribute_sent a jugador 4 |
| 45:28 | Jinada · tribute_sent a jugador 6 |
| 45:28 | Jinada · tribute_sent a jugador 7 |
| 45:28 | Jinada · tribute_sent a jugador 8 |
| 45:30 | NOC | Target331 · first_building Archery Range |
| 45:52 | Yakul · wall_segment Stone Wall x4 |
| 46:53 | Yakul · wall_segment Stone Wall x7 |
| 46:53 | NOC | Target331 · first_building Castle |
| 47:07 | Yakul · wall_segment Stone Wall x1 |
| 47:08 | Yakul · wall_segment Stone Wall x1 |
| 47:14 | Grinchy · first_building Siege Workshop |
| 47:16 | danger_noodle42 · tribute_sent a jugador 1 |
| 47:16 | danger_noodle42 · tribute_sent a jugador 2 |
| 47:16 | danger_noodle42 · tribute_sent a jugador 3 |
| 47:16 | danger_noodle42 · tribute_sent a jugador 4 |
| 47:16 | danger_noodle42 · tribute_sent a jugador 5 |
| 47:16 | danger_noodle42 · tribute_sent a jugador 6 |
| 47:16 | danger_noodle42 · tribute_sent a jugador 8 |
| 47:42 | lion_ · age_up imperial |
| 47:50 | Yakul · wall_segment Stone Wall x4 |
| 48:58 | Jinada · tribute_sent a jugador 1 |
| 48:58 | Jinada · tribute_sent a jugador 2 |
| 48:58 | Jinada · tribute_sent a jugador 3 |
| 48:58 | Jinada · tribute_sent a jugador 4 |
| 48:58 | Jinada · tribute_sent a jugador 6 |
| 48:58 | Jinada · tribute_sent a jugador 7 |
| 48:58 | Jinada · tribute_sent a jugador 8 |
| 49:12 | Grinchy · tribute_sent a jugador 1 |
| 49:12 | Grinchy · tribute_sent a jugador 2 |
| 49:12 | Grinchy · tribute_sent a jugador 3 |
| 49:12 | Grinchy · tribute_sent a jugador 5 |
| 49:12 | Grinchy · tribute_sent a jugador 6 |
| 49:12 | Grinchy · tribute_sent a jugador 7 |
| 49:12 | Grinchy · tribute_sent a jugador 8 |
| 49:43 | danger_noodle42 · tribute_sent a jugador 1 |
| 49:43 | danger_noodle42 · tribute_sent a jugador 2 |
| 49:43 | danger_noodle42 · tribute_sent a jugador 3 |
| 49:43 | danger_noodle42 · tribute_sent a jugador 4 |
| 49:43 | danger_noodle42 · tribute_sent a jugador 5 |
| 49:43 | danger_noodle42 · tribute_sent a jugador 6 |
| 49:43 | danger_noodle42 · tribute_sent a jugador 8 |
| 50:28 | Jinada · tribute_sent a jugador 1 |
| 50:28 | Jinada · tribute_sent a jugador 2 |
| 50:28 | Jinada · tribute_sent a jugador 3 |
| 50:28 | Jinada · tribute_sent a jugador 4 |
| 50:28 | Jinada · tribute_sent a jugador 6 |
| 50:28 | Jinada · tribute_sent a jugador 7 |
| 50:28 | Jinada · tribute_sent a jugador 8 |
| 50:35 | NOC | Target331 · first_market_buy 500 wood |
| 51:41 | NOC | Target331 · tribute_sent a jugador 1 |
| 51:41 | NOC | Target331 · tribute_sent a jugador 2 |
| 51:41 | NOC | Target331 · tribute_sent a jugador 3 |
| 51:41 | NOC | Target331 · tribute_sent a jugador 4 |
| 51:41 | NOC | Target331 · tribute_sent a jugador 5 |
| 51:41 | NOC | Target331 · tribute_sent a jugador 6 |
| 51:41 | NOC | Target331 · tribute_sent a jugador 7 |
| 52:12 | Yakul · wall_segment Stone Wall x5 |
| 52:46 | Yakul · tribute_sent a jugador 1 |
| 52:46 | Yakul · tribute_sent a jugador 2 |
| 52:46 | Yakul · tribute_sent a jugador 3 |
| 52:46 | Yakul · tribute_sent a jugador 4 |
| 52:46 | Yakul · tribute_sent a jugador 5 |
| 52:46 | Yakul · tribute_sent a jugador 7 |
| 52:46 | Yakul · tribute_sent a jugador 8 |
| 54:20 | Yakul · wall_segment Stone Wall x8 |
| 54:27 | Yakul · wall_segment Stone Wall x5 |
| 54:27 | NOC | Target331 · tribute_sent a jugador 1 |
| 54:27 | NOC | Target331 · tribute_sent a jugador 2 |
| 54:27 | NOC | Target331 · tribute_sent a jugador 3 |
| 54:27 | NOC | Target331 · tribute_sent a jugador 4 |
| 54:27 | NOC | Target331 · tribute_sent a jugador 5 |
| 54:27 | NOC | Target331 · tribute_sent a jugador 6 |
| 54:27 | NOC | Target331 · tribute_sent a jugador 7 |
| 55:09 | Grinchy · tribute_sent a jugador 1 |
| 55:09 | Grinchy · tribute_sent a jugador 2 |
| 55:09 | Grinchy · tribute_sent a jugador 3 |
| 55:09 | Grinchy · tribute_sent a jugador 5 |
| 55:09 | Grinchy · tribute_sent a jugador 6 |
| 55:09 | Grinchy · tribute_sent a jugador 7 |
| 55:09 | Grinchy · tribute_sent a jugador 8 |
| 55:11 | Yakul · tribute_sent a jugador 1 |
| 55:11 | Yakul · tribute_sent a jugador 2 |
| 55:11 | Yakul · tribute_sent a jugador 3 |
| 55:11 | Yakul · tribute_sent a jugador 4 |
| 55:11 | Yakul · tribute_sent a jugador 5 |
| 55:11 | Yakul · tribute_sent a jugador 7 |
| 55:11 | Yakul · tribute_sent a jugador 8 |
| 55:20 | Jinada · tribute_sent a jugador 1 |
| 55:20 | Jinada · tribute_sent a jugador 2 |
| 55:20 | Jinada · tribute_sent a jugador 3 |
| 55:20 | Jinada · tribute_sent a jugador 4 |
| 55:20 | Jinada · tribute_sent a jugador 6 |
| 55:20 | Jinada · tribute_sent a jugador 7 |
| 55:20 | Jinada · tribute_sent a jugador 8 |
| 56:34 | danger_noodle42 · resign |
[ AI ANALYSIS · 1 CREDIT ]
What really happened in this match?
Wolo.gg analyzes every decision: build order, eco, micro, common mistakes by bracket. Personalized analysis on WhatsApp or Discord in 30 seconds.
Civ guide
Chinese
Perfil
Jugador #552202